 Dungeon Crawl Stone Soup version 0.31-a0-596-g831eee08f1 (webtiles) character file.

Game seed: 1562717184531395713

1643 Fodor the Poker (level 8, -13/73 HPs)
             Began as a Minotaur Fighter on Aug 18, 2023.
             Was an Initiate of Gozag.
             Mangled by a wyvern (15 damage)
             ... on level 6 of the Dungeon on Aug 20, 2023.
             The game lasted 00:31:27 (6355 turns).

Fodor the Poker (Minotaur Fighter)                  Turns: 6355, Time: 00:31:27

Health: -13/73     AC:  8    Str: 22    XL:     8   Next: 67%
Magic:  7/7        EV: 10    Int:  5    God:    Gozag
Gold:   340        SH:  5    Dex: 11    Spells: 7/7 levels left

rFire   + . .        y - +1 morningstar (distort)
rCold   . . .        c - +0 buckler
rNeg    . . .        b - +0 scale mail
rPois   .            (helmet restricted)
rElec   .            (no cloak)
rCorr   .            (no gloves)
SInv    .            (no boots)
Will    .....        (no amulet) Stlth
                     k - ring of flight
HPRegen 0.32/turn    C - ring of protection from fire
MPRegen 0.10/turn

%: no passive effects
@: gold aura, flying
A: horns 2, retaliatory headbutt
a: Renounce Religion, Potion Petition, Call Merchant, Bribe Branch


You were on level 6 of the Dungeon.
You worshipped Gozag.
Gozag was aware of your devotion.
You visited 2 branches of the dungeon, and saw 7 of its levels.
You also visited: Ossuary.

You collected 398 gold pieces.
You paid 58 gold pieces to Gozag.

Inventory:

Hand Weapons
 o - the +8 spear of Vawim {venom, *Noise rC+ SInv}
   (You found it on level 2 of the Dungeon)

   rC+:       It protects you from cold.
   SInv:      It lets you see invisible.
   *Noise:    It may make a loud noise when swung.
 y - a +1 morningstar of distortion (weapon)
Missiles
 j - 12 poisoned darts
 n - 6 javelins
 p - 9 curare-tipped darts
Armour
 b - a +0 scale mail (worn)
 c - a +0 buckler (worn)
Jewellery
 k - a ring of flight (left hand)
 q - a ring of fire
 C - a ring of protection from fire (right hand)
Talismans
 v - a flux talisman
Wands
 e - a wand of flame (42)
 s - a wand of digging (6)
 z - a wand of paralysis (7)
 B - a wand of acid (4)
Scrolls
 a - 2 scrolls of revelation
 f - a scroll of fog
 h - a scroll of amnesia
 i - 5 scrolls of teleportation
 t - a scroll of blinking
 w - a scroll of vulnerability
 x - 2 scrolls of fear
 E - a scroll of immolation
Potions
 d - 3 potions of might
 r - a potion of resistance
 u - 4 potions of brilliance
 A - 2 potions of enlightenment
 F - a potion of attraction


   Skills:
 + Level 7.0 Fighting
 + Level 4.4 Long Blades
 + Level 1.4 Maces & Flails
 + Level 7.3 Polearms
 + Level 0.4 Throwing
 + Level 7.3 Armour
 + Level 2.1 Dodging
 + Level 0.4 Stealth
 + Level 5.2 Shields


You had 7 spell levels left.
You didn't know any spells.
Your spell library contained the following spells:

 Spells                   Type           Power      Damage    Failure   Level
 Foxfire                  Conj/Fire      0%         2x1d4     83%         1
 Lesser Beckoning         Tloc           0%         N/A       92%         2
 Static Discharge         Conj/Air       0%         2-2/arc   92%         2
 Gell's Gravitas          Tloc           0%         N/A       99%         3
 Teleport Other           Tloc           0%         N/A       99%         3
 Airstrike                Air            0%         2d(0-16)  100%        4
 Summon Lightning Spire   Summ/Air       0%         N/A       100%        4
 Plasma Beam              Fire/Air       0%         2x1d10    100%        6
 Starburst                Conj/Fire      0%         6d3       100%        6


Dungeon Overview and Level Annotations

Branches:
Dungeon (6/15)             Temple (1/1) D:4         Ossuary (visited)

Altars:
Ashenzari
Dithmenos
Elyvilon
Gozag
Hepliaklqana
Kikubaaqudgha
Makhleb
Okawaru
Qazlal
Ru
Sif Muna
Uskayaw
Vehumet
Wu Jian
Xom
Yredelemnul
The Shining One

Shops:
D:4 *:


Innate Abilities, Weirdness & Mutations

You have a pair of horns on your head.
You reflexively headbutt those who attack you in melee.


Message History

You puncture the orc warrior!
The orc warrior is severely wounded.
The orc warrior blinks!
A wyvern comes into view. 2 orcs come into view.
The orc shouts! x2
The orc warrior barely misses you.
There is an open door, spattered with blood here.
The orc priest mumbles some strange prayers to Beogh against you.
Beogh smites you!
The orc warrior hits you from afar with a +0 halberd!
* * * LOW HITPOINT WARNING * * *
You puncture the orc priest!
You kill the orc priest!
You block the orc's attack.
The wyvern is distracted by your dazzling golden aura.
The orc warrior is distracted by your dazzling golden aura.
The wyvern hisses angrily.
Your Fighting skill increases to level 7!
The orc warrior shouts!
You thump the wyvern!
Space warps around the wyvern.
The wyvern is no longer distracted by gold.
The wyvern is heavily wounded.
You block the wyvern's attack. The orc barely misses you.
You block the orc's attack. The wyvern bites you!
* * * LOW HITPOINT WARNING * * *
The orc closely misses you. The orc hits you with a +0 short sword.
* * * LOW HITPOINT WARNING * * *
You barely miss the wyvern.
The wyvern is heavily wounded.
The wyvern bites you.
* * * LOW HITPOINT WARNING * * *
You block the wyvern's attack. The orc closely misses you.
The orc barely misses you.
You sock the wyvern! Your headbutt misses the wyvern.
The wyvern is severely wounded.
The orc warrior is no longer distracted by gold.
The wyvern bites you!
You die...
Your body crumbles into a pile of gold.

...#....!........
..##....##......#
..##....##......##
.........#.......#
.........#.......#
.........#.[.....#
..(......#.......#
......<..#.....ol#
.........#....oo@#
.##############'##
.###....##......##
)................#
))...............#
......)..........#
.................#
##################


You could see an orc warrior, a wyvern and 2 orcs.

Vanquished Creatures
  A black bear (D:4)
  3 ogres (D:5)
  4 elf zombies (Ossuary)
  A gnoll sergeant (D:5)
  A scorpion (D:5)
  An elf skeleton (D:4)
  4 centaur zombies (Ossuary)
  2 hounds (D:5)
  2 jellies
  A gnoll bouda (D:6)
  An orc priest (D:6)
  5 human zombies
  An iguana (D:4)
  2 human skeletons (D:4)
  An orc wizard (D:5)
  3 mummies (Ossuary)
  11 gnolls
  6 adders
  A shadow imp (D:5)
  4 worms
  2 dart slugs
  An orc (D:4)
  8 ball pythons
  2 endoplasms
  4 giant cockroaches
  6 goblins
  4 hobgoblins
  5 kobolds
  4 quokkas
  9 bats
  7 frilled lizards
  An orc skeleton (D:4)
  An orc zombie (D:4)
  6 rats
115 creatures vanquished.

Notes
Turn   | Place    | Note
-------+----------+-------------------------------------------
     0 | D:1      | Fodor the Minotaur Fighter began the quest for the Orb.
     0 | D:1      | Reached XP level 1. HP: 19/19 MP: 0/0
     9 | D:1      | You fall into a shaft and drop 1 floor!
    85 | D:2      | Found a hazy altar of Hepliaklqana.
   111 | D:2      | Reached XP level 2. HP: 28/28 MP: 1/1
   671 | D:1      | Reached XP level 3. HP: 34/34 MP: 2/2
  1435 | D:2      | Identified the +8 spear of Vawim {venom, *Noise rC+ SInv}
  1788 | D:2      | Reached XP level 4. HP: 41/41 MP: 3/3
  2549 | D:3      | Found a faded altar of an unknown god.
  2768 | D:3      | Identified the +0 pair of gloves of the Ikuchi {*Slow
                  | Int+8}
  3081 | D:3      | Found a glowing golden altar of the Shining One.
  3388 | D:4      | Found Zokamem's Book Shop.
  3443 | D:4      | Reached skill level 5 in Fighting
  3443 | D:4      | Reached XP level 5. HP: 48/48 MP: 4/4
  3485 | D:4      | Found Duenuse's Elemental Accessories.
  3618 | D:4      | Reached skill level 1 in Polearms
  3626 | D:4      | Found a sand-covered staircase.
  3638 | Ossuary  | Entered an ossuary
  3693 | Ossuary  | Reached XP level 6. HP: 50/56 MP: 5/5
  3717 | Ossuary  | Reached skill level 5 in Armour
  3717 | Ossuary  | Reached skill level 1 in Dodging
  3775 | Ossuary  | Reached XP level 7. HP: 23/62 MP: 6/6
  3801 | Ossuary  | Reached skill level 5 in Polearms
  4328 | D:4      | Found a staircase to the Ecumenical Temple.
  4356 | Temple   | Entered the Ecumenical Temple
  4472 | Temple   | Became a worshipper of Gozag Ym Sagoz the Greedy
  4734 | D:5      | Entered Level 5 of the Dungeon
  4744 | D:5      | Reached XP level 8. HP: 70/70 MP: 7/7
  4747 | D:5      | Upgraded the game from 0.31-a0-574-g69dc8cc98e to
                  | 0.31-a0-596-g831eee08f1
  5095 | D:5      | Reached skill level 5 in Shields
  5146 | D:5      | Reached skill level 1 in Maces & Flails
  6155 | D:6      | HP: 1/71 [gnoll bouda/+0 club (6)]
  6354 | D:6      | HP: 2/73 [wyvern (6)]
  6355 | D:6      | Mangled by a wyvern

Illustrated notes

Levels and vault maps discovered:
D:1:      sevenhm_arrival_forest_fort_large_4, layout_loops_corners,
          nicolae_houndstooth_variations
D:2:      kennysheep_six_static_rooms, layout_loops_ring, basic_altar
D:3:      layout_basic, mainiacjoe_overflow_24_doors,
          dreamdust_ecumenical_altar_statues
D:4:      layout_basic, minmay_temple_entry_mini_moons,
          nicolae_ossuary_entry_catacombs, serial_shops, shop,
          nicolae_elemental_shop
D:5:      minmay_general_purpose_star, layout_cave_pods, lightli_minifort
D:6:      layout_gridville
Temple:   nicolae_temple_slightly_damp_pantheon

Skill      XL: |  1  2  3  4  5  6  7  8 |
---------------+-------------------------+-----
Fighting       | 4 5 6 7 |  7.0
Long Blades    | 3 4 |  4.4
Armour         | 4 5 6 7 |  7.3
Shields        | 4 5 |  5.2
Polearms       | 2 4 6 7 |  7.3
Dodging        | 1 2 |  2.1
Maces & Flails | 1 |  1.4
Throwing       | |  0.4
Stealth        | |  0.4

Action                     |  1- 3 |  4- 6 |  7- 9 || total
---------------------------+-------+-------+-------++-------
  Melee: Long sword        |    47 |       |       ||    47
         Headbutt          |     8 |    19 |    19 ||    46
         Spear             |    20 |   121 |    89 ||   230
         Morningstar       |       |       |    55 ||    55
  Throw: Javelin           |       |       |     8 ||     8
         Throwing net      |       |       |     1 ||     1
    Use: Potion            |       |       |     9 ||     9
         Scroll            |       |       |    12 ||    12
 Armour: Scale mail        |    49 |    36 |    58 ||   143
  Dodge: Dodged            |    40 |    42 |    72 ||   154
  Block: Buckler           |    22 |    20 |    48 ||    90

Table legend: (Time is in decaauts)
 A = Elapsed time spent in this place.
 B = Non-inter-level travel time spent in this place.
 C = Inter-level travel time spent in this place.
 D = Time resting spent in this place.
 E = Time spent auto-exploring this place.
 F = Levels seen in this place.
 G = Mean time per level.
                   A        B        C        D        E       F      G
               +--------+--------+--------+--------+--------+-----+--------+
         Total |   6390 |   6209 |    181 |   1277 |      0 |   8 |  798.8 |
       Dungeon |   5828 |   5647 |    181 |   1080 |      0 |   6 |  971.3 |
        Temple |    138 |    138 |      0 |      0 |      0 |   1 |  138.0 |
       Ossuary |    422 |    422 |      0 |    197 |      0 |   1 |  422.0 |
               +--------+--------+--------+--------+--------+-----+--------+

Top non-repeatable levels by time:
     D:5: 1400 daAuts
     D:1: 1281 daAuts
     D:3: 1240 daAuts
     D:2: 861 daAuts
     D:4: 797 daAuts
 Ossuary: 422 daAuts
     D:6: 247 daAuts
  Temple: 138 daAuts
